 Dungeon Crawl Stone Soup version 0.26-a0-971-g1d9d62bb61 (webtiles) character file.

Game seed: 7462586326646231594

30 streetpizza the Caller (level 3, 26/26 HPs)
             Began as a Demonspawn Wanderer on Dec 4, 2020.
             Was a Follower of Trog.
             Quit the game on level 2 of the Dungeon.
             The game lasted 00:04:49 (1206 turns).

streetpizza the Caller (Demonspawn Wanderer)        Turns: 1206, Time: 00:04:50

Health: 26/26      AC:  2    Str: 13    XL:     3   Next: 5%
Magic:  5/5        EV: 11    Int: 15    God:    Trog [*.....]
Gold:   33         SH:  0    Dex: 10    Spells: 3/4 levels left

rFire    . . .     SeeInvis .   e - +0 spear
rCold    . . .     Faith    .   (no shield)
rNeg     . . .     Spirit   +   d - +0 robe
rPois    .         Reflect  .   (no helmet)
rElec    .         Harm     .   (no cloak)
rCorr    .         Rampage  .   (no gloves)
MR       .....                  (no boots)
Stlth    +.........             (no amulet)
HPRegen  0.08/turn              (no ring)
MPRegen  0.09/turn              (no ring)

@: no status effects
A: magic shield
a: Berserk, Renounce Religion


You were on level 2 of the Dungeon.
You worshipped Trog.
Trog was aware of your devotion.
You visited 1 branch of the dungeon, and saw 2 of its levels.

You collected 33 gold pieces.

Inventory:

Hand Weapons
 e - a +0 spear (weapon)
Missiles
 i - 35 poisoned darts (quivered)
Armour
 d - a +0 robe (worn)
 f - a +0 buckler
Jewellery
 c - a +6 ring of strength {unknown}
 g - an uncursed ring of positive energy {unknown}
Scrolls
 b - 3 scrolls of remove curse {unknown}
 h - a scroll of teleportation {unknown}
Potions
 a - a potion of mutation {unknown}


   Skills:
 + Level 1.5 Fighting
 - Level 1.7 Armour
 - Level 1.0 Shields
 - Level 1.3 Spellcasting
 - Level 3.0 Summonings
 - Level 2.4 Ice Magic
 - Level 1.0 Evocations


You had 3 spell levels left.
You knew the following spells:

 Your Spells              Type           Power        Failure   Level
a - Summon Small Mammal   Summ           ##..         7%          1

Your spell library contained the following spells:

 Spells                   Type           Power        Failure   Level
 Freeze                   Ice            #...         9%          1
 Sandblast                Erth           #.....       24%         1
 Frozen Ramparts          Ice            #.....       26%         3
 Ozocubu's Armour         Ice            #.......     26%         3
 Summon Guardian Golem    Hex/Summ       #.......     36%         3
 Stone Arrow              Conj/Erth      #.....       56%         3
 Summon Ice Beast         Ice/Summ       #.......     61%         4
 Hailstorm                Conj/Ice       #.......     82%         4


Dungeon Overview and Level Annotations

Branches:
Dungeon (2/15)

Altars:
Trog


Innate Abilities, Weirdness & Mutations

When hurt, damage is shared between your health and your magic reserves.


Message History

You miss the bat. The bat barely misses you. x2
You hit the bat.
You kill the bat!
A bat comes into view.
The bat hits you but does no damage.
You miss the bat. The bat hits you but does no damage.
The bat hits you but does no damage. The bat misses you.
You hit the bat.
You kill the bat!
You see here a bat corpse.
Found a faded altar of an unknown god.
There is a faded altar of an unknown god here.
You cannot tell which god this altar belongs to.
Convert to them anyway?
Trog accepts your prayer! Trog welcomes you!
You can now go berserk at will.
Unknown command.
Press < or > to pray at altars.
Are you sure you want to abandon this character and quit the game? (Confirm with "yes".)

...#####.#.......#.
#....##.#...#####.
#.................
.#..##.#..#######
#.....#.....
#...#######.#
##..........#
##.#†.........
##@##.....###.#
#.##......#
##.##.....#
##.#.....#
#.##.##### #.#..#
#...## #####


There were no monsters in sight!

Vanquished Creatures
  4 dart slugs (D:1)
  2 giant cockroaches (D:1)
  3 goblins (D:1)
  3 hobgoblins (D:1)
  A quokka (D:2)
  3 bats
  A kobold (D:1)
  2 rats (D:1)
19 creatures vanquished.

Vanquished Creatures (collateral kills)
  An ooze (D:1)
  A giant cockroach (D:1)
2 creatures vanquished.

Grand Total: 21 creatures vanquished

Notes
Turn   | Place    | Note
-------+----------+-------------------------------------------
     0 | D:1      | streetpizza the Demonspawn Wanderer began the quest for the
                  | Orb.
     0 | D:1      | streetpizza set off with the following items: a +0 club, a
                  | +0 robe; and the following spells available to memorise:
                  | Summon Small Mammal, Freeze, Sandblast, Frozen Ramparts,
                  | Ozocubu's Armour, Summon Guardian Golem, Stone Arrow,
                  | Summon Ice Beast, Hailstorm
     0 | D:1      | Reached XP level 1. HP: 15/15 MP: 1/1
   358 | D:1      | Gained mutation: When hurt, damage is shared between your
                  | health and your magic reserves. [demonic ancestry]
   358 | D:1      | Reached XP level 2. HP: 18/21 MP: 3/3
   473 | D:1      | Reached skill level 1 in Spellcasting
   478 | D:1      | Learned a level 1 spell: Summon Small Mammal
  1094 | D:2      | Reached XP level 3. HP: 21/26 MP: 2/5
  1203 | D:2      | Found a faded altar of an unknown god.
  1205 | D:2      | Became a worshipper of Trog the Wrathful
  1205 | D:2      | Reached * piety under Trog
  1206 | D:2      | Quit the game

Illustrated notes

Levels and vault maps discovered:
D:1:      scummos_arrival_hexagon, layout_rooms, kennysheep_decorative_pillar
D:2:      layout_basic, elyvilon_altar_5, chequers_ecumenical_altar_twisty,
          minmay_tetromino_i2, uniq_jessica

Skill      XL: |  1  2 |
---------------+-------+-----
Ice Magic      | 2 |  2.4
Spellcasting   | 1 |  1.3
Fighting       | |  1.5
Armour         | |  1.7
Shields        | |  1.0
Summonings     | |  3.0
Evocations     | |  1.0

Action                   || total
-------------------------++-------
Melee: Spear             ||    79
       Club              ||    15
 Cast: Summon Small Mamm ||     9
Armor: Robe              ||    17
Dodge: Dodged            ||    67

Table legend: (Time is in decaauts)
 A = Elapsed time spent in this place.
 B = Non-inter-level travel time spent in this place.
 C = Inter-level travel time spent in this place.
 D = Time resting spent in this place.
 E = Time spent auto-exploring this place.
 F = Levels seen in this place.
 G = Mean time per level.
                   A        B        C        D        E       F      G
               +--------+--------+--------+--------+--------+-----+--------+
         Total |   1217 |   1215 |      2 |      8 |    984 |   2 |  608.5 |
       Dungeon |   1217 |   1215 |      2 |      8 |    984 |   2 |  608.5 |
               +--------+--------+--------+--------+--------+-----+--------+

Top non-repeatable levels by time:
     D:1: 1078 daAuts
     D:2: 138 daAuts
